 Dungeon Crawl Stone Soup version 0.31-a0-441-g867994ef1c (webtiles) character file.

Game seed: 17340938287739111086

5336 Zonian the Grappler (level 10, -5/73 HPs)
             Began as an Octopode Shapeshifter on Aug 3, 2023.
             Was a Follower of Ashenzari.
             Slain by a death drake (shapeshifter) (8 damage)
             ... on level 9 of the Dungeon.
             The game lasted 00:18:01 (10590 turns).

Zonian the Grappler (Octopode Shapeshifter)        Turns: 10590, Time: 00:18:04

Health: -5/73      AC:  1    Str: 24    XL:     10   Next: 64%
Magic:  10/10      EV: 22    Int: 10    God:    Ashenzari [*.....]
Gold:   1323       SH:  0    Dex: 14    Spells: 9/9 levels left

rFire   . .          .
                       - Unarmed
rCold   . . .        (no shield)
rNeg    . . .        (helmet currently unavailable)
rPois   .            e - amulet "Cursed Heresy" {Regen+, Cun, Range} (curse)
rElec   .            m - ring "Ensconced Suspicion" {EV+5, Cun, Melee} (curse)
rCorr   .            r - ring of the Shackled Secrets {Str+6, Dev, Self} (curse)
SInv    .            (no ring)
Will    .....        (no ring)
Stlth   ++           (no ring)
HPRegen 1.12/turn    (no ring)
MPRegen 0.12/turn    (no ring)
                     (no ring)

%: no passive effects
@: mighty, lethally poisoned (-5 -> -41), beast-form, slowed, very slow
A: beast (slay +5), almost no armour, amphibious, 8 rings, camouflage 1,
gelatinous body 1, (nimble swimmer 1), tentacles
a: Begin Untransformation, Renounce Religion, Curse Item, Shatter the Chains


You were on level 9 of the Dungeon.
You worshipped Ashenzari.
Ashenzari was aware of your devotion.
You were a hulking beast.
You visited 2 branches of the dungeon, and saw 10 of its levels.
You also visited: Sewer and Ossuary.

You collected 2057 gold pieces.
You spent 734 gold pieces at shops.

Inventory:

Jewellery
 e - the cursed amulet "Cursed Heresy" (around mantle) {Regen+, Cun, Range}
   (You found it on level 4 of the Dungeon)

   [amulet of regeneration]

   Regen:     It increases your rate of health regeneration.
   It has a curse which improves the following skills: Cunning: Dodging and
   Stealth.
   Ranged Combat: Ranged Weapons and Throwing.
 m - the cursed ring "Ensconced Suspicion" (left tentacle) {EV+5, Cun, Melee}
   (You found it on level 2 of the Dungeon)

   [ring of evasion]

   EV:        It affects your evasion (+5).
   It has a curse which improves the following skills: Cunning: Dodging and
   Stealth.
   Melee Combat: Short Blades, Long Blades, Axes, Maces & Flails, Polearms,
   Staves and Unarmed Combat.
 r - the cursed ring of the Shackled Secrets (right tentacle) {Str+6, Dev, Self}
   (You found it in a sewer)

   [ring of strength]

   Str:       It affects your strength (+6).
   It has a curse which improves the following skills: Devices: Evocations and
   Shapeshifting.
   Introspection: Fighting and Spellcasting.
Talismans
 b - a beast talisman (active)
Wands
 s - a wand of quicksilver (6)
 z - a wand of digging (7)
 D - a wand of paralysis (6)
 E - a wand of flame (28)
Scrolls
 j - 7 scrolls of teleportation
 l - 2 scrolls of revelation
 n - 2 scrolls of fear
 v - 3 scrolls of identify
 x - a scroll of poison
 y - a scroll of fog
 B - a scroll of amnesia
 C - a scroll of brand weapon
Potions
 a - 3 potions of lignification
 c - a potion of magic
 d - 3 potions of mutation
 f - 3 potions of attraction
 g - 2 potions of berserk rage
 h - 3 potions of brilliance
 i - 11 potions of curing
 k - 2 potions of heal wounds
 o - a potion of cancellation
 p - a potion of resistance
 q - 7 potions of enlightenment
 t - a potion of might
 u - a potion of haste
 w - a potion of invisibility
 A - a potion of ambrosia


   Skills:
 + Level 7.8(8.6) Fighting
 + Level 8.0(9.3) Dodging
 + Level 8.3(9.2) Unarmed Combat
 + Level 7.2(8.0) Shapeshifting


You had 9 spell levels left.
You didn't know any spells.
Your spell library contained the following spells:

 Spells                   Type           Power      Damage    Failure   Level
 Wereblood                Tmut           0%         N/A       50%         2
 Vhi's Electric Charge    Tloc/Air       0%         N/A       75%         3
 Arcjolt                  Conj/Air       0%         1d10      100%        5
 Irradiate                Conj/Tmut      0%         3d11      100%        5
 Maxwell's Capacitive Co  Air            0%         ∞         100%        8


Dungeon Overview and Level Annotations

Branches:
Dungeon (9/15)             Temple (1/1) D:4           Sewer (visited)
Ossuary (visited)
   Lair: D:8-11         Orc: D:9-12

Altars:
Ashenzari
Cheibriados
Dithmenos
Elyvilon
Fedhas
Gozag
Hepliaklqana
Kikubaaqudgha
Makhleb
Nemelex Xobeh
Okawaru
Qazlal
Ru
Sif Muna
Trog
Uskayaw
Vehumet
Wu Jian
Xom
Yredelemnul
Zin
The Shining One

Shops:
D:5 !*   D:6 [


Innate Abilities, Weirdness & Mutations

You are a hulking beast.
Your limbs bulge with bestial killing power. (Slay +5)
You cannot wear most types of armour.
You are amphibious.
You can wear up to eight rings at the same time.
Your skin changes colour to match your surroundings (Stealth+).
Your rubbery body absorbs attacks. (AC +1, EV +1)
((You are camouflaged when in or above water. (Stealth+)))
You have tentacles for arms and can constrict up to eight enemies at once.


Message History

Aim: a death drake (heavily wounded, 57% to hit)
The bolt of dispelling energy misses the death drake.
You feel extremely sick.
You hear two shouts!
The death drake bites you!
* * * LOW HITPOINT WARNING * * *
You hear a shout! x3
You tentacle-slap the death drake.
The death drake is heavily wounded.
You feel very sick.
You hear a shout!
The death drake bites you.
* * * LOW HITPOINT WARNING * * *
Unknown command.
You feel much better.
You feel very sick. The death drake misses you.
Unknown command.
You batter the death drake!! Your squeeze misses the death drake.
The death drake is almost dead.
You feel very sick. The death drake misses you.
Unknown command.
You miss the death drake. You tentacle-slap the death drake!
The death drake is almost dead.
You feel sick. The death drake breathes miasma at you.
The foul vapour engulfs you!
You are lethally poisoned!
* * * LOW HITPOINT WARNING * * *
The kobold is engulfed in dark miasma.
The kobold is poisoned.
The kobold dies!
The death drake misses you.
You feel much better.
You are engulfed in dark miasma.
You are more poisoned.
You feel yourself slow down.
* * * LOW HITPOINT WARNING * * *
x2 You feel extremely sick.
The death drake bites you!
You die...

#.# #.# ...
... #C# #.#
... ... ##
#.###.# .
#....:# ○#
###l#####○#
#...).#○○○#
#.###{#h#
... #D○k○#{
### #○####
#. {{ ##


You could see a death drake (catching breath) and a steam dragon.

Vanquished Creatures
  A wraith (D:9)
  A wyvern (D:9)
  3 yaks (D:9)
  A steam dragon (D:7)
  Duvessa (D:7)
  2 water moccasins
  3 orc warriors
  2 ice beasts
  A sky beast (D:7)
  A hornet zombie (Ossuary)
  3 black bears
  3 ogres (D:4)
  4 centaurs
  3 kobold brigands
  A bullfrog (D:7)
  5 wyvern zombies (Ossuary)
  3 scorpions
  4 water moccasin zombies (Ossuary)
  Dowan (D:7)
  3 killer bees (D:6)
  An electric eel (D:6)
  2 howler monkeys
  5 bullfrog zombies (Ossuary)
  3 centaur zombies (Ossuary)
  4 orc priests
  3 hounds
  3 jellies
  2 sleepcaps
  2 iguanas (D:5)
  4 orc wizards
  A sickly merfolk siren (Sewer)
  A malarious merfolk avatar (Sewer)
  2 killer bee zombies (Ossuary)
  11 mummies
  Robin (D:3)
  2 howler monkey zombies (Ossuary)
  7 gnolls
  11 adders
  2 river rats
  A shadow imp (D:6)
  A white imp (D:6)
  4 worms
  3 dart slugs
  46 orcs
  14 ball pythons
  8 endoplasms
  4 giant cockroaches
  14 goblins
  11 hobgoblins
  3 jackals (D:2)
  11 kobolds
  4 quokkas
  5 bats
  7 frilled lizards
  3 hobgoblin zombies (D:7)
  A kobold zombie (D:7)
  27 rats
280 creatures vanquished.

Vanquished Creatures (others)
  2 kobolds (D:9)
2 creatures vanquished.

Grand Total: 282 creatures vanquished

Notes
Turn   | Place    | Note
-------+----------+-------------------------------------------
     0 | D:1      | Zonian the Octopode Shapeshifter began the quest for the
                  | Orb.
     0 | D:1      | Reached XP level 1. HP: 13/13 MP: 1/1
   299 | D:1      | Reached XP level 2. HP: 14/18 MP: 2/2
   850 | D:1      | Found a faded altar of an unknown god.
  1275 | D:2      | Reached XP level 3. HP: 11/23 MP: 3/3
  2014 | D:2      | Reached XP level 4. HP: 20/29 MP: 4/4
  2321 | D:3      | Noticed a scorpion
  2325 | D:3      | Killed a scorpion
  2326 | D:3      | Reached XP level 5. HP: 29/35 MP: 5/5
  2353 | D:3      | Found a sacrificial altar of Ru.
  2588 | D:3      | Found a glowing drain.
  2611 | Sewer    | Entered a sewer
  2734 | Sewer    | Reached XP level 6. HP: 41/41 MP: 6/6
  3091 | D:3      | Identified a scroll of acquirement
  3091 | D:3      | Acquired 754 gold pieces
  3889 | D:3      | Noticed Robin
  3895 | D:3      | Killed Robin
  4070 | D:4      | Reached XP level 7. HP: 46/46 MP: 7/7
  4092 | D:4      | Found a bloodstained altar of Trog.
  4538 | D:4      | Found a staircase to the Ecumenical Temple.
  4565 | Temple   | Entered the Ecumenical Temple
  4601 | Temple   | Became a worshipper of Ashenzari the Shackled
  4824 | D:4      | Found the +6 shillelagh "Devastator" {shatter}
  5018 | D:4      | Identified the +11 mace of Gloom {holy, Str+4 Int-4}
  5188 | D:4      | Found a hazy altar of Hepliaklqana.
  5306 | D:5      | Entered Level 5 of the Dungeon
  5394 | D:5      | Reached skill level 5 in Unarmed Combat
  5410 | D:5      | Found an opulent altar of Gozag.
  5437 | D:5      | Acquired 689 gold pieces
  5708 | D:5      | Found Muek Kor's Assorted Antiques.
  5712 | D:5      | Found Qihat's Distillery.
  5720 | D:5      | Bought a bubbling yellow potion for 24 gold pieces
  5720 | D:5      | Bought a glowing ivory wand for 108 gold pieces
  5724 | D:5      | Bought a potion of might for 56 gold pieces
  5724 | D:5      | Bought 2 potions of heal wounds for 140 gold pieces
  5724 | D:5      | Bought a potion of haste for 140 gold pieces
  5724 | D:5      | Bought a potion of heal wounds for 70 gold pieces
  5724 | D:5      | Bought a potion of might for 56 gold pieces
  5724 | D:5      | Bought a potion of heal wounds for 70 gold pieces
  5724 | D:5      | Bought a potion of berserk rage for 70 gold pieces
  5754 | D:5      | Reached XP level 8. HP: 54/54 MP: 8/8
  5821 | D:4      | Reached skill level 5 in Dodging
  5977 | D:6      | Reached skill level 5 in Shapeshifting
  6047 | D:6      | Found a sand-covered staircase.
  6052 | Ossuary  | Entered an ossuary
  6072 | Ossuary  | Reached skill level 5 in Fighting
  6118 | Ossuary  | Reached * piety under Ashenzari
  6171 | Ossuary  | Reached XP level 9. HP: 30/61 MP: 9/9
  6614 | D:6      | Found Monuohi's Antique Armour Emporium.
  6795 | D:6      | Found an ornate altar of the Wu Jian Council.
  7462 | D:7      | Noticed Duvessa
  7465 | D:7      | Noticed Dowan
  7475 | D:7      | Killed Dowan
  7480 | D:7      | Killed Duvessa
  7541 | D:7      | Reached XP level 10. HP: 70/72 MP: 10/10
  7796 | D:7      | Identified the +0 ring mail "Zoifeb" {Stlth+}
 10565 | D:9      | Noticed a cyclops
 10576 | D:9      | Noticed a death drake
 10589 | D:9      | HP: 3/73 [death drake (shapeshifter)/foul vapour (14)]
 10590 | D:9      | Slain by a death drake (shapeshifter)

Illustrated notes

Levels and vault maps discovered:
D:1:      dpeg_arrival_refuge, layout_basic, shapermc_ecumenical_altar_venn
D:2:      layout_basic, chequers_serial_rivers_room_b
D:3:      layout_loops_ring, nicolae_ru_great_annihilating_truth,
          portal_sewer_entry_c, chequers_serial_rivers_micro_d, uniq_robin
D:4:      layout_loops_corners, mainiacjoe_overflow_catch_the_wave,
          minmay_temple_entry_wispy, grunt_ministairs_2,
          dilly_guarded_unrand_devastator
D:5:      layout_cave_pools, nicolae_gozag_cash_rules_everything_around_me,
          nicolae_wooded_promenade, hangedman_abyss_or_decor_passed
D:6:      layout_loops_cross, mainiacjoe_overflow_24_doors,
          nicolae_ossuary_entry_plus, serial_bayou, serial_bayou_crossing,
          serial_bayou_pond_c, serial_bayou_pond_c, serial_bayou_ford_a,
          serial_bayou_shore_b, serial_shops, nicolae_shop_advertising_works
          [nicolae_subvault_shop_adworks]
D:7:      layout_loops_ring, minivault_24, minmay_mini_ossuary, uniq_duvessa
D:8:      layout_basic, special_room [special_room_orc]
D:9:      layout_basic, hiddenorc2_lemuel, special_room [special_room_orc],
          nicolae_doodle_vault
Temple:   nicolae_temple_bog_church

Skill      XL: |  1  2  3  4  5  6  7  8  9 10 |
---------------+-------------------------------+-----
Fighting       | 2 3 4 5 6 7 |  7.8
Dodging        | 3 4 5 7 8 |  8.0
Unarmed Combat | 4 5 6 7 8 |  8.3
Shapeshifting  | 4 5 6 7 |  7.2

Action                     |  1- 3 |  4- 6 |  7- 9 | 10-12 || total
---------------------------+-------+-------+-------+-------++-------
  Melee: Unarmed           |    62 |   145 |   228 |   132 ||   567
         Constrict         |    15 |    40 |    50 |    20 ||   125
         Tentacles         |    11 |    26 |    63 |    28 ||   128
         Punch             |       |     6 |    22 |    13 ||    41
 Invoke: Curse Item        |       |       |     3 |       ||     3
  Evoke: Wand              |       |       |       |     3 ||     3
    Use: Scroll            |       |     9 |     4 |     1 ||    14
         Potion            |       |       |       |     7 ||     7
   Stab: Sleeping          |     7 |    13 |    10 |     2 ||    32
         Distracted        |     1 |     2 |     4 |       ||     7
         Paralysed         |       |     1 |       |       ||     1
 Armour: Skin              |     6 |     4 |    10 |     3 ||    23
  Dodge: Dodged            |    25 |   124 |   148 |   113 ||   410

Table legend: (Time is in decaauts)
 A = Elapsed time spent in this place.
 B = Non-inter-level travel time spent in this place.
 C = Inter-level travel time spent in this place.
 D = Time resting spent in this place.
 E = Time spent auto-exploring this place.
 F = Levels seen in this place.
 G = Mean time per level.
                   A        B        C        D        E       F      G
               +--------+--------+--------+--------+--------+-----+--------+
         Total |  10526 |  10131 |    395 |   2356 |   5729 |  12 |  877.2 |
       Dungeon |   9549 |   9166 |    383 |   2154 |   5428 |   9 | 1061.0 |
        Temple |     48 |     36 |     12 |      0 |      0 |   1 |   48.0 |
         Sewer |    462 |    462 |      0 |     47 |    227 |   1 |  462.0 |
       Ossuary |    465 |    465 |      0 |    155 |     74 |   1 |  465.0 |
               +--------+--------+--------+--------+--------+-----+--------+

Top non-repeatable levels by time:
     D:8: 1961 daAuts
     D:3: 1360 daAuts
     D:4: 1188 daAuts
     D:1: 1158 daAuts
     D:2: 1085 daAuts
     D:6: 854 daAuts
     D:7: 813 daAuts
     D:5: 641 daAuts
     D:9: 485 daAuts
 Ossuary: 465 daAuts
   Sewer: 462 daAuts
  Temple: 48 daAuts
